 Dungeon Crawl Stone Soup version 0.20.0 (webtiles) character file.

49 GuffPapp the Chopper (level 3, -2/22 HPs)
             Began as a Gargoyle Gladiator on July 18, 2017.
             Slain by an orc (3 damage)
             ... on level 3 of the Dungeon.
             The game lasted 00:14:01 (946 turns).

GuffPapp the Chopper (Gargoyle Gladiator)            Turns: 946, Time: 00:14:01

Health: -2/22      AC:  7    Str: 23    XL:     3   Next: 77%
Magic:  3/3        EV: 12    Int:  8    God:
Gold:   34         SH:  0    Dex: 11    Spells: 2/2 levels left

rFire    . . .     SeeInvis .   w - +0 dagger
rCold    . . .     Gourm    .   (no shield)
rNeg     + . .     Faith    .   b - +0 leather armour
rPois    ∞         Spirit   .   c - +0 helmet
rElec    +         Reflect  .   (no cloak)
rCorr    .         Harm     .   (no gloves)
MR       .....                  (no boots)
Stlth    +.........             (no amulet)
Regen    0.1/turn               (no ring)
MPRegen  0.1/turn               (no ring)

@: mighty
A: negative energy resistance 1, electricity resistance, unbreathing,
petrification resistance, rot immunity, AC +3
a: no special abilities


You were on level 3 of the Dungeon.
You were full.

You visited 1 branch of the dungeon, and saw 3 of its levels.

You collected 34 gold pieces.

Inventory:

Hand Weapons
 a - a +0 war axe
 e - a +0 mace
 f - a +1 hand axe of chopping
 j - a +0 club
 l - a +0 spear
 s - a +0 short sword
 t - a +0 spear
 u - a +0 dagger of speed
 v - a +0 whip
 w - a +0 dagger (weapon)
Missiles
 d - a throwing net (quivered)
 g - 7 needles of confusion
 n - 27 stones
 q - 18 arrows
Armour
 b - a +0 leather armour (worn)
 c - a +0 helmet (worn)
 h - a +0 ring mail
Scrolls
 o - a scroll of identify
 r - a scroll of remove curse
 x - a scroll of magic mapping
 y - a scroll of enchant weapon {unknown}
Comestibles
 m - 2 meat rations


   Skills:
 * Level 2.3 Fighting
 + Level 0.1 Short Blades
 * Level 3.4 Axes
 + Level 2.0 Throwing
 + Level 1.3 Armour
 + Level 2.6 Dodging


You had 2 spell levels left.
You didn't know any spells.

Dungeon Overview and Level Annotations

Branches:
Dungeon (3/15)

Altars:

Annotations:
D:3 Grinder


Innate Abilities, Weirdness & Mutations

You are resistant to torment.
Your stone body is resilient. (AC +3)
You are immune to poison.
You resist negative energy. (rN+)
You are resistant to electric shocks. (rElec)
You can survive without breathing.
You are immune to petrification.
You are immune to rotting.


Message History

* * * LOW HITPOINT WARNING * * *
Grinder gestures at you. Pain shoots through your body!
* * * LOW HITPOINT WARNING * * *
The hobgoblin barely misses you.
Found a mace.
Found a war axe.
The kobold barely misses you.
Grinder blinks!
The orc barely misses you. Grinder hits you but does no damage.
Grinder hits you but does no damage. The orc closely misses you.
The kobold completely misses you. The orc misses you.
The kobold hits you but does no damage.
You see here a mace.
e - a mace The orc hits you.
* * * LOW HITPOINT WARNING * * *
Grinder barely misses you. The kobold hits you but does no damage.
The orc hits you.
You die...

# ##)####.g..
#.# #)# ...
#.###.### .
######.......#
#).......#.#.#
#........'...#
#........#.####
#..K.....')...#
#.@Kg....##.#.#
#.5o..........#
#.........##..#
#########.# ..#
#.# #.# #.# .#
#.# .# #.. .#
###


You could see Grinder, an orc, a hobgoblin and 2 kobolds.

Vanquished Creatures
  2 adders (D:2)
  A dart slug (D:1)
  A leopard gecko (D:3)
  An orc (D:3)
  A giant cockroach (D:1)
  2 hobgoblins
  3 jackals (D:1)
  5 bats
  2 frilled lizards
  5 goblins
  2 kobolds
  4 rats
29 creatures vanquished.

Notes
Turn   | Place    | Note
-------+----------+-------------------------------------------
     0 | D:1      | GuffPapp the Gargoyle Gladiator began the quest for the Orb.
     0 | D:1      | Reached XP level 1. HP: 12/12 MP: 1/1
   164 | D:1      | Reached skill level 3 in Axes
   164 | D:1      | Reached XP level 2. HP: 17/17 MP: 2/2
   529 | D:2      | Reached XP level 3. HP: 14/21 MP: 3/3
   700 | D:2      | Reached skill level 1 in Armour
   876 | D:3      | Noticed Grinder
   946 | D:3      | HP: 1/22 [orc (2)]
   946 | D:3      | Slain by an orc

Skill      XL: |  1  2  3 |
---------------+----------+-----
Axes           | 3 |  3.4
Throwing       | 2 |  2.0
Armour         | 1 |  1.3
Fighting       | |  2.3
Short Blades   | |  0.1
Dodging        | |  2.6

Action                   || total
-------------------------++-------
Melee: War axe           ||    53
       Dagger            ||    79
Throw: Throwing net      ||     4
  Use: Scroll            ||     4
       Potion            ||     2
  Eat: Bread ration      ||     1
Armor: Ring mail         ||    48
       Leather armour    ||   135
Dodge: Dodged            ||   249
